 Dungeon Crawl Stone Soup version 0.20-a0-222-gb69ddcd (webtiles) character file.

842 KristoblXynda the Stinger (level 8, -1/48 HPs)
             Began as an Octopode Venom Mage on Nov 29, 2016.
             Shot with an arrow by a centaur (13 damage)
             ... on level 5 of the Dungeon.
             The game lasted 00:12:41 (5134 turns).

KristoblXynda the Stinger (Octopode Venom Mage)     Turns: 5134, Time: 00:12:42

Health: -1/48      AC:  1    Str:  9    XL:     8   Next: 0%
Magic:  14/14      EV: 13    Int: 18    God:
Gold:   252        SH:  0    Dex: 14    Spells: 11/15 levels left

rFire  . . .     SeeInvis .     c - +1 dagger
rCold  + . .     Gourm    .     (no shield)
rNeg   . . .     Faith    .     (helmet restricted)
rPois  .         Spirit   .     (no amulet)
rElec  .         Reflect  .     h - ring of protection from cold
rCorr  .         Harm     .     i - +2 ring of dexterity
MR     .....                    (no ring)
Stlth  ++++......               (no ring)
                                (no ring)
                                (no ring)
                                (no ring)
                                (no ring)

@: no status effects
A: almost no armour, stealthy swim, amphibious, 8 rings, constrict 8, camouflage
1, gelatinous body 1
a: no special abilities


You were on level 5 of the Dungeon.
You were not hungry.

You visited 1 branch of the dungeon, and saw 5 of its levels.

You collected 252 gold pieces.

Inventory:

Hand Weapons
 c - a +1 dagger (weapon)
Missiles
 m - 8 javelins (quivered)
Jewellery
 h - a ring of protection from cold (left tentacle)
 i - a +2 ring of dexterity (right tentacle)
Scrolls
 e - 2 scrolls of magic mapping
 j - a scroll of remove curse
 p - a scroll of enchant armour
 s - a scroll of recharging {unknown}
Potions
 f - a potion of haste
 g - a potion of agility {unknown}
 k - a potion of invisibility {unknown}
 l - 2 potions of magic
 q - a potion of mutation {unknown}
 r - a potion of curing {unknown}
Books
 a - a Young Poisoner's Handbook

   Spells                             Type                      Level
   a - Sting                          Conjuration/Poison           1
   b - Mephitic Cloud                 Conjuration/Poison/Air       3
   c - Olgreb's Toxic Radiance        Poison                       4
   d - Alistair's Intoxication        Transmutation/Poison         5
   e - Venom Bolt                     Conjuration/Poison           5
Comestibles
 b - a bread ration
 d - 4 fruits
 n - 2 meat rations
 o - 2 royal jellies


   Skills:
 + Level 1.2 Fighting
 - Level 2.0 Dodging
 + Level 7.0 Stealth
 + Level 4.1 Spellcasting
 + Level 2.2 Conjurations
 - Level 3.0 Air Magic
 - Level 7.0 Poison Magic


You had 11 spell levels left.
You knew the following spells:

 Your Spells              Type           Power        Failure   Level  Hunger
a - Sting                 Conj/Pois      ###.         1%          1    None
b - Mephitic Cloud        Conj/Pois/Air  ###.....     10%         3    ###....


Dungeon Overview and Level Annotations

Branches:
Dungeon (5/15)
 Temple: D:4-7

Altars:

Annotations:
D:3 dscm's ghost, weakling OpEE


Innate Abilities, Weirdness & Mutations

You cannot wear most types of armour.
You are very stealthy in the water. (Stealth+)
You are amphibious.
You can wear up to eight rings at the same time.
You can use your tentacles to constrict eight enemies at once.
Your skin changes colour to match your surroundings (Stealth+).
Your rubbery body absorbs attacks. (AC +1, EV +1)


Message History

A giant cockroach comes into view.
The shadow imp shouts, "Away with thee, thou unhinged fob-snatching gnoll-tail!"
The shadow imp barely misses you.
Casting: Sting
Confirm with . or Enter, or press ? or * to list all spells.
Okay, then.
The centaur shouts!
The centaur wields a shortbow.
The centaur shoots an arrow.
The arrow hits you!
You see here an arrow.
The centaur shoots an arrow.
The arrow hits you!
You see here an arrow.
The centaur shoots an arrow.
The arrow barely misses you.
The centaur shoots an arrow.
The arrow barely misses you.
The centaur shoots an arrow.
The arrow hits you!
* * * LOW HITPOINT WARNING * * *
You see here an arrow.
Okay, then.
Unknown command.
The centaur shoots an arrow.
The arrow hits you!
You die...

###+#..........##########.###
.....(.......$.#..........#
...............#.##########
...............#.#
....$......c...#.#
#.........s...#.#
#......(......#.#
#..(.....(....#.#
#...........5.@.#
#........$...####
#..<......?((# #........##.##
##+#.....##.# ##########


You could see a centaur, a shadow imp and a giant cockroach.

Vanquished Creatures
  Sigmund (D:3)
  An ogre (D:4)
  3 scorpions
  A hound (D:4)
  4 orc wizards
  Ijyb (D:3)
  Natasha (twice) (D:3)
  2 worker ants (D:4)
  3 gnolls (D:3)
  5 adders
  An ooze (D:3)
  A worm (D:2)
  3 dart slugs (D:2)
  2 leopard geckos
  15 orcs
  3 giant cockroaches
  8 goblins
  8 hobgoblins
  4 jackals (D:1)
  A quokka (D:2)
  A ball python (D:1)
  5 bats
  4 frilled lizards
  13 kobolds
  7 rats
99 creatures vanquished.

Notes
Turn   | Place    | Note
-------+----------+-------------------------------------------
     0 | D:1      | KristoblXynda the Octopode Venom Mage began the quest for the Orb.
     0 | D:1      | Reached XP level 1. HP: 11/11 MP: 3/3
    94 | D:1      | Reached skill level 5 in Poison Magic
    94 | D:1      | Reached XP level 2. HP: 16/17 MP: 0/5
   642 | D:1      | Reached XP level 3. HP: 21/21 MP: 4/6
   826 | D:1      | Learned a level 3 spell: Mephitic Cloud
   853 | D:1      | You fall through a shaft!
  1186 | D:2      | Reached skill level 1 in Conjurations
  1547 | D:2      | Reached XP level 4. HP: 27/27 MP: 4/7
  2217 | D:3      | Noticed dscm's ghost (weakling OpEE)
  2530 | D:3      | Noticed Ijyb
  2665 | D:3      | Killed Ijyb
  2665 | D:3      | Reached XP level 5. HP: 14/31 MP: 1/9
  2992 | D:3      | Reached skill level 5 in Stealth
  3353 | D:3      | Noticed Sigmund
  3375 | D:3      | Killed Sigmund
  3375 | D:3      | Reached skill level 1 in Air Magic
  3375 | D:3      | Reached XP level 6. HP: 35/36 MP: 4/10
  3387 | D:3      | Noticed Natasha
  3491 | D:3      | Killed Natasha
  3564 | D:3      | Noticed Natasha
  3570 | D:3      | Killed Natasha
  3745 | D:4      | Reached XP level 7. HP: 41/41 MP: 4/12
  4664 | D:5      | Entered Level 5 of the Dungeon
  4674 | D:5      | Reached skill level 1 in Fighting
  4877 | D:5      | Reached XP level 8. HP: 29/48 MP: 1/14
  5134 | D:5      | Shot with an arrow by a centaur

Vault maps used:
D:1:      kennysheep_arrival_forest
D:2:      hangedman_decor_lopped
D:3:      uniq_sigmund, uniq_iyjb, uniq_natasha
D:4:      first_bread, kennysheep_generic_room_4
D:5:      elyvilon_altar_3, uniq_menkaure, uniq_eustachio

Skill      XL: |  1  2  3  4  5  6  7 |
---------------+----------------------+-----
Stealth        | 3 4 5 6 7 |  7.0
Poison Magic   | 5 6 7 |  7.0
Conjurations   | 1 2 |  2.2
Spellcasting   | 3 4 |  4.1
Air Magic      | 1 2 3 |  3.0
Fighting       | 1 |  1.2
Dodging        | |  2.0

Action                   |  1- 3 |  4- 6 |  7- 9 || total
-------------------------+-------+-------+-------++-------
Melee: Dagger            |    16 |    49 |     5 ||    70
       Tentacles         |     4 |    13 |     1 ||    18
       Constrict         |     5 |    12 |     2 ||    19
Throw: Javelin           |       |     1 |       ||     1
 Cast: Sting             |    54 |    96 |    55 ||   205
       Mephitic Cloud    |       |     2 |     1 ||     3
  Use: Scroll            |       |     6 |     3 ||     9
 Stab: Sleeping          |       |     1 |     1 ||     2
  Eat: Chunk             |     1 |     9 |     2 ||    12
       Bread ration      |       |       |     1 ||     1
Armor: Skin              |     1 |     8 |     1 ||    10
Dodge: Dodged            |    15 |    45 |    10 ||    70
